 Dungeon Crawl Stone Soup version 0.29.1-12-g30fa7ad0bf (webtiles) character file.

Game seed: 14639901794263600013

12 hawla the Firebug (level 2, -7/20 HPs)
             Began as a Meteoran Fire Elementalist on Jan 11, 2023.
             Mangled by a gnoll
             ... wielding a +2 flail of protection
              (9 damage)
             ... on level 3 of the Dungeon.
             The game lasted 00:02:23 (336 turns).

hawla the Firebug (Meteoran Fire Elementalist)       Turns: 336, Time: 00:02:23

Health: -7/20      AC:  2    Str:  9    XL:     2   Next: 64%
Magic:  4/7        EV: 12    Int: 16    God:
Gold:   53         SH:  0    Dex: 14    Spells: 4/7 levels left

rFire   . . .      SeeInvis .   (no weapon)
rCold   . . .      Faith    .   (no shield)
rNeg    . . .      Spirit   .   a - +0 robe
rPois   .          Reflect  .   (no helmet)
rElec   .          Harm     .   (no cloak)
rCorr   .          Rampage  .   (no gloves)
Will    .....                   (no boots)
Stlth   +.........              (no amulet)
HPRegen 0.06/turn               (no ring)
MPRegen 0.10/turn               (no ring)

@: glowing
A: sense surroundings 1, otherworldly, glowing, explore regen
a: no special abilities


You were on level 3 of the Dungeon.
You visited 1 branch of the dungeon, and saw 4 of its levels.

You collected 53 gold pieces.

Inventory:

Armour
 a - a +0 robe (worn)
Scrolls
 d - a scroll of magic mapping
 e - a scroll of acquirement {unknown}
Potions
 b - a potion of magic
 c - a potion of resistance {unknown}
 f - a potion of brilliance {unknown}


   Skills:
 + Level 2.5 Dodging
 - Level 1.4 Stealth
 + Level 3.0 Spellcasting
 + Level 1.4 Conjurations
 + Level 4.1 Fire Magic


You had 4 spell levels left.
You knew the following spells:

 Your Spells              Type           Power      Damage    Failure   Level
a - Foxfire               Conj/Fire      44%        2x1d6     6%          1
b - Scorch                Fire           30%        2d7       4%          2

Your spell library contained the following spells:

 Spells                   Type           Power      Damage    Failure   Level
 Conjure Flame            Conj/Fire      11%        6-21      19%         3
 Inner Flame              Hex/Fire       9%         N/A       24%         3
 Flame Wave               Conj/Fire      11%        2d6       52%         4


Dungeon Overview and Level Annotations

Branches:
Dungeon (4/15) Zot: 2063
 Temple: D:4-7

Altars:


Innate Abilities, Weirdness & Mutations

You passively map a small area around you.
You are easily found by Zot.
You glow in the dark.
You regain HP and MP as you explore.


Message History

The endoplasm is lightly wounded.
The endoplasm freezes you.
You are frozen.
Casting: Foxfire (safe; 6% risk of failure)
Confirm with . or Enter, or press ? or * to list all spells.
You conjure some foxfire!
The endoplasm misses you.
You hit the endoplasm.
The endoplasm is moderately wounded.
The foxfire hits the endoplasm but does no damage.
The endoplasm is moderately wounded.
The foxfire hits the endoplasm.
You kill the endoplasm!
Your Spellcasting skill increases to level 3!
Memorise Scorch, consuming 2 spell levels and leaving 4?
You start memorising the spell.
You continue memorising. x2
Your magical contamination has completely faded away.
You finish memorising.
Spell assigned to 'b'.
Okay, then.
You start waiting.
Magic restored.
You climb downwards.
The gnoll hits you with a +2 flail of protection!
There is a stone staircase leading up, spattered with blood here.
Casting: Foxfire (safe; 6% risk of failure)
Confirm with . or Enter, or press ? or * to list all spells.
Flames lash the gnoll.
The gnoll is severely wounded.
The gnoll's fire resistance burns away.
The gnoll hits you with a +2 flail of protection.
The gnoll closely misses you.
The gnoll hits you with a +2 flail of protection.
* * * LOW HITPOINT WARNING * * *
The gnoll barely misses you.
You climb upwards.
There is a stone staircase leading down here.
Casting: Scorch (safe; 4% risk of failure)
Confirm with . or Enter, or press ? or * to list all spells.
You conjure some foxfire!
The gnoll hits you with a +2 flail of protection!
You die...

, , #...
###, ,
,+...* ..
*#...##
..#
#....#,..#
,
#....+...#
*
#....#...+
, ,*
#..v.g...#
* #..v@.#
* ,
#....## ,*
* #....# ,
#....# *
###### * *
, * *


You could see a gnoll (ally target).

Vanquished Creatures
  A dart slug (D:1)
  3 endoplasms
  A goblin (D:1)
  A hobgoblin (D:1)
  A quokka (D:1)
  A bat (D:1)
  A rat (D:1)
9 creatures vanquished.

Vanquished Creatures (others)
  25 foxfires
25 creatures vanquished.

Grand Total: 34 creatures vanquished

Notes
Turn   | Place    | Note
-------+----------+-------------------------------------------
     0 | D:1      | hawla the Meteoran Fire Elementalist began the quest for
                  | the Orb.
     0 | D:1      | Reached XP level 1. HP: 14/14 MP: 5/5
    74 | D:1      | Reached XP level 2. HP: 19/20 MP: 0/6
   111 | D:1      | Reached skill level 4 in Fire Magic
   140 | D:1      | Found a faded altar of an unknown god.
   276 | D:4      | Noticed a necrophage
   308 | D:3      | Learned a level 2 spell: Scorch
   336 | D:3      | Mangled by a gnoll

Illustrated notes

Levels and vault maps discovered:
D:1:      eino_arrival_tree_alley, layout_basic,
          shapermc_ecumenical_altar_ellora
D:2:      kennysheep_six_static_rooms, layout_rooms
D:3:      layout_basic, lemuel_doored_altar
D:4:      layout_cave_pods, nemelex_spade_bored_becter,
          mainiacjoe_overflow_concentric_impassable, serial_park,
          serial_park_avenue1, serial_park_tiny_1, serial_park_square3
          [serial_park_minivault_5x5_5], uniq_ijyb

Skill      XL: |  1  2 |
---------------+-------+-----
Fire Magic     | 4 |  4.1
Spellcasting   | 3 |  3.0
Dodging        | |  2.5
Stealth        | |  1.4
Conjurations   | |  1.4

Action                   || total
-------------------------++-------
Melee: Unarmed           ||     9
 Cast: Foxfire           ||    16
       Scorch            ||     1
  Use: Scroll            ||     4
Armor: Robe              ||     3
Dodge: Dodged            ||     8
